 Seeded DCSS version 0.30-a0-802-gb92711bcdf (webtiles) character file.

Game seed: 9908990106765037600 (custom seed)

118 valliere the Changer (level 5, -2/38 HPs)
             Began as a Merfolk Transmuter on Feb 23, 2023.
             Was a Plaything of Xom.
             Slain by an orc
             ... wielding a +0 hand axe
              (7 damage)
             ... on level 3 of the Dungeon.
             The game lasted 00:05:40 (2328 turns).

valliere the Changer (Merfolk Transmuter)           Turns: 2328, Time: 00:05:40

Health: -2/38      AC:  3    Str: 13    XL:     5   Next: 2%
Magic:  9/9        EV: 13    Int: 12    God:    Xom [......]
Gold:   183        SH:  0    Dex: 14    Spells: 8/9 levels left

rFire   . . .      SeeInvis +      - Unarmed
rCold   . . .      Faith    .    (no shield)
rNeg    . . .      Spirit   .    a - +0 robe
rPois   .          Reflect  .    (helmet currently unavailable)
rElec   .          Harm     .    e - +0 cloak
rCorr   .          Rampage  .    (no gloves)
Will    .....                    (boots currently unavailable)
Stlth   +                        (no amulet)
HPRegen 0.26/turn                (no ring)
MPRegen 0.11/turn                (no ring)

@: appendages (expiring)
A: horns 2, (nimble swimmer 2), mertail, see invisible, screaming 1
a: End Transformation, Renounce Religion


You were on level 3 of the Dungeon.
You worshipped Xom.
You were a very special plaything of Xom.
You had temporarily grown beastly horns.
You visited 1 branch of the dungeon, and saw 3 of its levels.

You collected 183 gold pieces.

Inventory:

Hand Weapons
 l - a +3 spear
Armour
 a - a +0 robe (worn)
 c - a +0 helmet (melded)
 e - a +0 cloak (worn)
Jewellery
 q - an amulet of faith
Wands
 o - a wand of flame (17)
Scrolls
 d - a scroll of vulnerability {unknown}
 f - 4 scrolls of identify {unknown}
 g - 2 scrolls of fog {unknown}
 i - a scroll of amnesia {unknown}
 j - a scroll of enchant weapon {unknown}
 k - a scroll of teleportation {unknown}
 n - a scroll of noise {unknown}
Potions
 h - 2 potions of attraction {unknown}
 m - 2 potions of flight {unknown}
 p - a potion of degeneration {unknown}


   Skills:
 + Level 2.1 Fighting
 + Level 3.5 Dodging
 + Level 3.9 Unarmed Combat
 + Level 2.7 Spellcasting
 * Level 4.3 Transmutations


You had 8 spell levels left.
You knew the following spells:

 Your Spells              Type           Power      Damage    Failure   Level
a - Beastly Appendage     Tmut           24%        N/A       4%          1

Your spell library contained the following spells:

 Spells                   Type           Power      Damage    Failure   Level
 Wereblood                Tmut           12%        N/A       6%          2
 Spider Form              Tmut/Pois      6%         N/A       30%         3
 Inner Flame              Hex/Fire       1%         N/A       58%         3
 Ice Form                 Ice/Tmut       6%         N/A       71%         4
 Cause Fear               Hex            0%         N/A       94%         4
 Discord                  Hex            0%         N/A       100%        8


Dungeon Overview and Level Annotations

Branches:
Dungeon (3/15)

Altars:
Cheibriados
Xom


Innate Abilities, Weirdness & Mutations

You have temporarily grown beastly horns.
((You are very nimble when in or above water. (Stealth+, EV+, Speed+++)))
Your lower body shifts to a powerful aquatic tail in water.
You have supernaturally acute eyesight. (SInv)
You occasionally shout uncontrollably at your foes.


Message History

The orc barely misses you. The orc hits you with a +0 dagger.
The orc hits you with a +0 hand axe.
Items here: )) [ †.
You barely miss the orc. Your headbutt misses the orc.
The orc hits you with a +0 club. The orc hits you with a +0 hand axe.
The orc misses you.
You hit the orc.
The orc is heavily wounded.
The orc hits you but does no damage. The orc misses you.
The orc closely misses you.
You closely miss the orc. Your headbutt misses the orc.
The orc is heavily wounded.
The orc misses you. The orc barely misses you.
The orc hits you with a +0 dagger.
You are too injured to fight recklessly!
You are too injured to fight recklessly!
You closely miss the orc. Your headbutt misses the orc.
The orc is heavily wounded.
Your transformation is almost over.
The orc barely misses you. The orc hits you with a +0 hand axe.
The orc hits you but does no damage.
You closely miss the orc. Your headbutt misses the orc.
The orc is moderately wounded.
The orc hits you with a +0 club.
* * * LOW HITPOINT WARNING * * *
The orc hits you with a +0 hand axe.
* * * LOW HITPOINT WARNING * * *
The orc completely misses you.
The rat twitches its whiskers.
You hit the orc. You headbutt the orc.
You kill the orc!
You have reached level 5!
You feel stronger.
You punch the orc!
You kill the orc!
You hit the orc.
The orc is almost dead.
The orc hits you with a +0 hand axe!
You die... "Boring in life, boring in death..."

##.#.#.#. ... #.#.#.#.#
... #.#.#.#. ...
..#.#.#.# ♣♣# #.#
#♣♣♣♣#.#.#. ♣♣.. #.#
♣P♣♣♣♣#.#.# #...
#.###♣♣..P♣.♣#.#.
..##...##.#..♣♣P...♣.)#.#
......ro@....♣P...♣....#.
.......###...♣♣♣..♣♣♣.#.#
#......###...#♣.P♣♣ #####
#.....##.......♣♣♣ ...
##.... #.##.####### ###
#.... #.##.#.....# ..
#... #.##.....# #### #...
#.####.#####♣♣♣..♣
#..........♣♣.P...


You could see an orc and a rat.

Vanquished Creatures
  Terence (D:2)
  2 adders (D:2)
  A dart slug (D:1)
  4 orcs (D:3)
  3 ball pythons
  9 bats
  9 endoplasms
  2 giant cockroaches
  7 goblins
  7 hobgoblins
  2 jackals (D:1)
  6 kobolds
  A quokka (D:1)
  4 frilled lizards
  A rat (D:2)
59 creatures vanquished.

Notes
Turn   | Place    | Note
-------+----------+-------------------------------------------
     0 | D:1      | valliere the Merfolk Transmuter began the quest for the
                  | Orb.
     0 | D:1      | Reached XP level 1. HP: 15/15 MP: 3/3
   183 | D:1      | Reached XP level 2. HP: 21/21 MP: 3/5
   186 | D:1      | Reached skill level 3 in Transmutations
   480 | D:1      | Reached XP level 3. HP: 26/26 MP: 6/6
  1028 | D:2      | Noticed Terence
  1039 | D:2      | Killed Terence
  1040 | D:2      | Reached XP level 4. HP: 29/33 MP: 5/7
  1183 | D:2      | Found a faded altar of an unknown god.
  1209 | D:2      | Reached skill level 4 in Transmutations
  1211 | D:2      | Prayed at the altar of an unknown god.
  1211 | D:2      | Became a worshipper of Xom of Chaos
  1420 | D:2      | XOM: cloud trail
  1562 | D:2      | XOM: noise
  1575 | D:2      | XOM: give mutation
  1575 | D:2      | Gained mutation: You have supernaturally acute eyesight.
                  | (SInv) [Xom's mischief]
  1625 | D:2      | XOM: silly message
  1663 | D:2      | XOM: summons 1 hostile shadow creature
  1814 | D:2      | XOM: summons 3 hostile demons
  1815 | D:2      | Noticed a neqoxec
  1820 | D:2      | Gained mutation: You occasionally shout uncontrollably at
                  | your foes. [a neqoxec]
  2162 | D:3      | Found a snail-covered altar of Cheibriados.
  2327 | D:3      | Reached XP level 5. HP: 5/38 MP: 9/9
  2328 | D:3      | Slain by an orc

Illustrated notes

Levels and vault maps discovered:
D:1:      giann_bridges, layout_loops_corners, serial_glass, glass_columns_a,
          glass_columns_b, minmay_pentomino_w4
D:2:      layout_rooms, serial_co_window_serial, co_window_of_opportunity_a,
          co_window_paths_a, co_window_of_opportunity_a, co_window_cross_1,
          co_window_paths_a, co_window_broadway_a, co_window_paths_c,
          co_window_broadway_a, co_window_4corner_b, glass_columns_a,
          hellmonk_ecumenical_altar_blasted, uniq_terence
D:3:      layout_basic, mainiacjoe_overflow_surrounded_room, serial_forest,
          infiniplex_forest_zigzag_2, infiniplex_forest_end_1,
          infiniplex_forest_corner_2, infiniplex_forest_end_2,
          infiniplex_forest_lined_1, infiniplex_forest_clump_curved,
          infiniplex_forest_lined_room_3, infiniplex_forest_clump_curved,
          infiniplex_forest_fountain, guppyfry_early_orc_mine, uniq_jessica

Skill      XL: |  1  2  3  4 |
---------------+-------------+-----
Transmutations | 3 4 |  4.3
Dodging        | 3 |  3.5
Fighting       | 2 |  2.1
Unarmed Combat | |  3.9
Spellcasting   | |  2.7

Action                     |  1- 3 |  4- 6 || total
---------------------------+-------+-------++-------
  Melee: Unarmed           |    58 |    51 ||   109
         Headbutt          |     6 |     1 ||     7
         Spear             |    40 |    42 ||    82
         Punch             |       |     3 ||     3
   Cast: Beastly Appendage |     5 |     1 ||     6
    Use: Potion            |       |     1 ||     1
   Stab: Sleeping          |     3 |     4 ||     7
 Armour: Robe              |    35 |    13 ||    48
         Skin              |       |    11 ||    11
  Dodge: Dodged            |    73 |    54 ||   127

Table legend: (Time is in decaauts)
 A = Elapsed time spent in this place.
 B = Non-inter-level travel time spent in this place.
 C = Inter-level travel time spent in this place.
 D = Time resting spent in this place.
 E = Time spent auto-exploring this place.
 F = Levels seen in this place.
 G = Mean time per level.
                   A        B        C        D        E       F      G
               +--------+--------+--------+--------+--------+-----+--------+
         Total |   2321 |   2288 |     33 |      0 |   1852 |   3 |  773.7 |
       Dungeon |   2321 |   2288 |     33 |      0 |   1852 |   3 |  773.7 |
               +--------+--------+--------+--------+--------+-----+--------+

Top non-repeatable levels by time:
     D:2: 1051 daAuts
     D:1: 1012 daAuts
     D:3: 258 daAuts
